[Event "Team 45 45 League T83"]
[Site "Internet Chess Club"]
[Date "2020.01.31"]
[Round "5"]
[White "kingsrook"]
[Black "isaac13"]
[Result "0-1"]
[WhiteElo "1212"]
[BlackElo "1184"]
[Opening "Queen's pawn: Charlick (Englund) gambit"]
[ECO "A40"]
[Time "15:08:39"]
[TimeControl "2700+45"]

1. d4 e5 2. d5 c6 3. d6 Qf6 4. Nf3 Qxd6 5. Qxd6 Bxd6 6. Nc3 Nf6 7. e4 Bb4 8. Bd3
d6 9. a3 Bxc3+ 10. bxc3 Nbd7 11. c4 Nc5 12. O-O Ncxe4 13. Bxe4 Nxe4 14. Re1 Nc5
15. Bg5 f6 16. Be3 Bf5 17. Re2 O-O-O 18. Rd1 Be6 19. Nd2 b6 20. f3 Na4 21. Ne4
d5 22. cxd5 cxd5 23. Nf2 Nc3 24. Ree1 Nxd1 25. Rxd1 d4 26. Bd2 Rd7 27. Kf1 Rc7
28. Ke1 Rxc2 29. Nd3 Ra2 30. Rc1+ Kb7 {White resigns} 0-1

[Event "Team 45 45 League T83"]
[Site "Internet Chess Club"]
[Date "2020.01.31"]
[Round "5"]
[White "LuFran"]
[Black "ascoli"]
[Result "1-0"]
[WhiteElo "1692"]
[BlackElo "1569"]
[Opening "French: Two knights variation"]
[ECO "C00"]
[Time "15:01:03"]
[TimeControl "2700+45"]

1. e4 e6 2. Nf3 d5 3. Nc3 c5 4. exd5 exd5 5. Bb5+ Bd7 6. Qe2+ Be7 7. Nxd5 Bxb5
8. Qxb5+ Nc6 9. Qxb7 Rc8 10. O-O Bd6 11. Re1+ Nge7 12. d4 cxd4 13. Bg5 f6 14.
Bf4 Bxf4 15. Nxe7 Nxe7 16. Rxe7+ {Black resigns} 1-0

[Event "Team 45 45 League T83"]
[Site "Internet Chess Club"]
[Date "2020.01.30"]
[Round "5"]
[White "liujf"]
[Black "kabindra"]
[Result "1-0"]
[WhiteElo "1560"]
[BlackElo "1604"]
[Opening "Queen's pawn, Mason variation"]
[ECO "D00"]
[Time "18:00:38"]
[TimeControl "2700+45"]

1. d4 d5 2. Bf4 Nf6 3. e3 c5 4. c3 Nc6 5. Nd2 Qb6 6. Qb3 c4 7. Qc2 g6 8. Ngf3
Bf5 9. Qc1 Qd8 10. Nh4 Bg4 11. h3 Bd7 12. g4 b5 13. Bg2 Bg7 14. g5 Nh5 15. Bxd5
Nxf4 16. exf4 e6 17. Bg2 Rc8 18. Ne4 Qe7 19. Nf3 b4 20. Ne5 bxc3 21. bxc3 Nxe5
22. fxe5 O-O 23. Nf6+ Kh8 24. Qf4 Rfd8 25. h4 Qa3 26. Qd2 Rb8 27. h5 Rb2 28. Qc1
Ba4 29. hxg6 Bxf6 30. Rxh7+ Kg8 31. gxf6 fxg6 32. Rh8+ Kf7 33. Rh7+ Ke8 34. Re7+
Qxe7 35. fxe7 {Black resigns} 1-0

[Event "Team 45 45 League T83"]
[Site "Internet Chess Club"]
[Date "2020.02.03"]
[Round "5"]
[White "Visin"]
[Black "howah45"]
[Result "1-0"]
[WhiteElo "1328"]
[BlackElo "1204"]
[Opening "Sicilian defense"]
[ECO "B32"]
[Time "10:00:31"]
[TimeControl "2700+45"]

1. e4 c5 2. Nf3 Nc6 3. d4 cxd4 4. Nxd4 Qb6 5. c3 Nf6 6. f3 e6 7. Be2 d6 8. b3 a6
9. Bb2 Qc7 10. Nd2 e5 11. Nc2 Be7 12. Rc1 Be6 13. c4 Rd8 14. O-O O-O 15. Ne3 Qb8
16. Nd5 Qa7+ 17. Kh1 Bxd5 18. cxd5 Nd4 19. Nc4 b5 20. Bxd4 exd4 21. Na3 Rc8 22.
Nc2 Rc7 23. Qxd4 Rfc8 24. Qxa7 Rxa7 25. Nd4 Rac7 26. Nc6 Kf8 27. Rc2 Nd7 28.
Rfc1 Bg5 29. Rd1 Be3 30. Rc3 Bc5 31. Rcd3 Ne5 32. Nxe5 dxe5 33. h3 Bd4 34. a4
bxa4 35. bxa4 Rc2 36. R3d2 Rc1 37. Rxc1 Rxc1+ 38. Kh2 Be3 39. Ra2 a5 40. Bb5
Bf4+ 41. g3 Be3 42. d6 Bg1+ 43. Kg2 Bb6 44. d7 Rg1+ 45. Kh2 Rd1 46. Rc2 Bg1+ 47.
Kg2 Bb6 48. f4 Rg1+ 49. Kh2 Rd1 50. Kg2 Rg1+ 51. Kf3 Rf1+ 52. Kg4 Bd8 53. f5 Re1
54. Rc4 g6 55. fxg6 fxg6 56. h4 h5+ 57. Kh3 Rh1+ 58. Kg2 Rd1 59. Rc2 Bb6 60. Re2
Rg1+ 61. Kh2 Rd1 62. Rc2 Bg1+ 63. Kg2 Bb6 64. Rc6 Rd2+ 65. Kf1 Bd8 66. Rxg6 Rd4
67. Re6 Be7 68. Rxe5 Rd1+ 69. Ke2 Rg1 70. Rf5+ Kg7 71. Rf3 Rb1 72. e5 Rb2+ 73.
Kd1 Rb4 74. e6 Rd4+ 75. Kc2 {Black resigns} 1-0

[Event "Team 45 45 League T83"]
[Site "Internet Chess Club"]
[Date "2020.01.28"]
[Round "5"]
[White "QuieroAprender"]
[Black "achessman"]
[Result "1-0"]
[WhiteElo "1724"]
[BlackElo "1770"]
[Opening "Caro-Kann: advance variation"]
[ECO "B12"]
[Time "22:21:49"]
[TimeControl "2700+45"]

1. e4 c6 2. d4 d5 3. e5 Bf5 4. a3 e6 5. f4 c5 6. c3 Nc6 7. Nf3 Be4 8. Nbd2 cxd4
9. Nxe4 dxe4 10. Nxd4 Bc5 11. Be3 Qd5 12. Nxe6 Qxe6 13. Bxc5 g5 14. g3 Qf5 15.
Qd6 Nge7 16. Qf6 Rg8 17. Bxe7 Nxe7 18. Bb5+ Kf8 19. Qh6+ Rg7 20. O-O-O Qg4 21.
Rd7 gxf4 22. Rxe7 Rd8 23. Qd6 {Black resigns} 1-0

[Event "Team 45 45 League T83"]
[Site "Internet Chess Club"]
[Date "2020.02.01"]
[Round "5"]
[White "cadmiumorange"]
[Black "kabindra"]
[Result "1-0"]
[WhiteElo "1785"]
[BlackElo "1628"]
[Opening "QGD: Semi-Tarrasch, 5.cd"]
[ECO "D41"]
[Time "15:00:40"]
[TimeControl "2700+45"]

1. d4 d5 2. c4 e6 3. Nc3 Nf6 4. Nf3 c5 5. cxd5 exd5 6. g3 Be6 7. Bg2 Nc6 8. O-O
Qd7 9. Ne5 Nxe5 10. dxe5 Ng4 11. Bf4 Be7 12. Nxd5 O-O-O 13. Nxe7+ Qxe7 14. Qa4
Kb8 15. Rad1 g5 16. Bc1 h5 17. Qe4 Bc8 18. f4 h4 19. h3 f5 20. Qf3 Qh7 21. hxg4
Rxd1 22. Rxd1 fxg4 23. Qd3 Bf5 24. e4 Bc8 25. f5 h3 26. Bh1 h2+ 27. Kf2 b6 28.
Bxg5 Bb7 29. Qd6+ Ka8 30. Qd7 Qg8 31. Qd8+ Qxd8 32. Rxd8+ {Black resigns} 1-0

[Event "Team 45 45 League T83"]
[Site "Internet Chess Club"]
[Date "2020.01.30"]
[Round "5"]
[White "VictorRed"]
[Black "Yedixon"]
[Result "0-1"]
[WhiteElo "1598"]
[BlackElo "1623"]
[Opening "Pirc: Ufimtsev-Pytel variation"]
[ECO "B07"]
[Time "23:01:57"]
[TimeControl "2700+45"]

1. e4 d6 2. d4 Nf6 3. Nc3 c6 4. f4 Qa5 5. Bd2 e5 6. fxe5 dxe5 7. Nf3 exd4 8.
Nxd4 Qb6 9. Nb3 Bc5 10. Nxc5 Qxc5 11. h3 O-O 12. Qf3 a5 13. Bd3 Nbd7 14. Be3 Qe7
15. O-O b5 16. Bg5 b4 17. Na4 Bb7 18. Qe2 c5 19. Bxf6 Nxf6 20. e5 Nd7 21. Rae1
Rae8 22. Bb5 Qe6 23. Rd1 Nxe5 24. Bxe8 Nf3+ 25. Qxf3 Bxf3 26. Rxf3 Rxe8 27. b3
c4 28. Rdf1 f6 29. Rf5 cxb3 30. cxb3 Qe3+ 31. Kh1 Qe2 32. R1f2 Qd1+ 33. Kh2 Re1
34. Rxa5 Rh1+ 35. Kg3 Qd6+ 36. Kf3 Qd3+ 37. Kg4 Qe4+ 38. Kg3 g5 39. Raf5 h5
{White resigns} 0-1

[Event "Team 45 45 League T83"]
[Site "Internet Chess Club"]
[Date "2020.02.01"]
[Round "5"]
[White "room-matt"]
[Black "cysk"]
[Result "1/2-1/2"]
[WhiteElo "1810"]
[BlackElo "1772"]
[Opening "Scandinavian: Pytel-Wade variation"]
[ECO "B01"]
[Time "00:32:22"]
[TimeControl "2700+45"]

1. e4 d5 2. exd5 Qxd5 3. Nc3 Qd6 4. d4 Nf6 5. Nf3 c6 6. Be2 Bg4 7. h3 Bf5 8. O-O
e6 9. Re1 Nbd7 10. Bd3 Bxd3 11. Qxd3 Be7 12. g3 O-O 13. Bf4 Qb4 14. a3 Qb6 15.
b3 h6 16. Ne2 a5 17. c4 c5 18. d5 exd5 19. cxd5 Rfe8 20. d6 Bf8 21. Rad1 a4 22.
Rb1 Qc6 23. b4 cxb4 24. Nfd4 Qe4 25. Qxe4 Nxe4 26. Rxb4 Nxd6 27. Bxd6 Bxd6 28.
Rxb7 Ne5 {Game drawn by mutual agreement} 1/2-1/2

[Event "Team 45 45 League T83"]
[Site "Internet Chess Club"]
[Date "2020.02.02"]
[Round "5"]
[White "Bumun"]
[Black "Goli"]
[Result "0-1"]
[WhiteElo "1694"]
[BlackElo "1717"]
[Opening "Pirc: classical (two knights) system"]
[ECO "B06"]
[Time "16:03:52"]
[TimeControl "2700+45"]

1. e4 g6 2. d4 Bg7 3. Nf3 d6 4. Nc3 Nf6 5. Be3 O-O 6. Bc4 Bg4 7. h3 Bxf3 8. Qxf3
Nc6 9. O-O-O e5 10. dxe5 Nxe5 11. Qe2 Nxc4 12. Qxc4 a6 13. f4 b5 14. Qb4 Qe7 15.
e5 c5 16. exf6 Qxe3+ {White resigns} 0-1

[Event "Team 45 45 League T83"]
[Site "Internet Chess Club"]
[Date "2020.02.02"]
[Round "5"]
[White "Hectormercado"]
[Black "liujf"]
[Result "1-0"]
[WhiteElo "1503"]
[BlackElo "1541"]
[Opening "Two knights defense"]
[ECO "C55"]
[Time "13:36:23"]
[TimeControl "2700+45"]

1. e4 e5 2. Nf3 Nc6 3. d4 exd4 4. Bc4 Nf6 5. O-O Bc5 6. Bg5 d6 7. Re1 O-O 8. e5
dxe5 9. Nxe5 Nxe5 10. Rxe5 Bd6 11. Rd5 Be6 12. Bxf6 gxf6 13. Rxd4 Bxc4 14. Qg4+
Kh8 15. Rxc4 Rg8 16. Qh5 Rg7 17. Nc3 Qd7 18. Rd1 Rag8 19. g3 Rg5 20. Qf3 Qe6 21.
Re4 Be5 22. Qe2 Rg4 23. Re3 Qb6 24. Nd5 Qxb2 25. Ne7 R8g5 26. Rd8+ Kg7 27. Rg8+
Kh6 28. Nf5+ Kh5 29. Ng7+ Kh6 30. Nf5+ Kh5 31. Rxg5+ Kxg5 32. h4+ Kxf5 33. Qf3+
Bf4 34. Qe4# {Black checkmated} 1-0

[Event "Team 45 45 League T83"]
[Site "Internet Chess Club"]
[Date "2020.01.30"]
[Round "5"]
[White "BrerRabbit"]
[Black "Andaluz"]
[Result "1/2-1/2"]
[WhiteElo "1353"]
[BlackElo "1380"]
[Opening "English opening"]
[ECO "A30"]
[Time "14:04:18"]
[TimeControl "2700+45"]

1. Nf3 Nf6 2. c4 c5 3. g3 d5 4. cxd5 Nxd5 5. Bg2 g6 6. Qc2 e6 7. Nc3 Nc6 8. a3
Bg7 9. O-O O-O 10. d3 Nxc3 11. bxc3 Re8 12. Rb1 Rb8 13. Be3 b6 14. Nd2 Bb7 15.
Nf3 Ba8 16. Rfd1 Rc8 17. Bc1 Re7 18. Bb2 Rd7 19. c4 Nd4 20. Nxd4 Bxd4 {Game
drawn by mutual agreement} 1/2-1/2

[Event "Team 45 45 League T83"]
[Site "Internet Chess Club"]
[Date "2020.01.30"]
[Round "5"]
[White "Balderdash"]
[Black "Pawnchain"]
[Result "0-1"]
[WhiteElo "1256"]
[BlackElo "1456"]
[Opening "Queen's pawn game"]
[ECO "D00"]
[Time "09:00:36"]
[TimeControl "2700+45"]

1. d4 Nf6 2. Nc3 d5 3. Nf3 c6 4. Bf4 Bf5 5. Nh4 Be4 6. f3 Bg6 7. Qd2 e6 8. O-O-O
Nbd7 9. Nxg6 hxg6 10. e4 dxe4 11. Nxe4 Nb6 12. Bg5 a5 13. h4 Be7 14. g4 Qd5 15.
Bxf6 gxf6 16. b3 a4 17. c4 Qd8 18. g5 f5 19. c5 Nd5 20. Bc4 fxe4 21. fxe4 Nc7
22. d5 exd5 23. exd5 axb3 24. Bxb3 cxd5 25. Rhe1 O-O 26. Qe3 Ne6 27. Bxd5 Qa5
28. Re2 Bxc5 29. Qb3 Ba3+ 30. Kb1 Rad8 31. Re5 Qb4 32. Re4 Qxb3+ 33. axb3 b6 34.
Ra4 Bc5 35. b4 Bf2 36. Ra6 Nf4 37. Bb3 Rxd1+ 38. Bxd1 Nd5 39. h5 Nc3+ 40. Kc2
Nxd1 41. Kxd1 gxh5 42. Ke2 Bd4 43. Kd3 Rd8 44. Ke4 Kg7 45. b5 Kg6 46. Kf4 Bc5
47. Ra7 Rd4+ 48. Kg3 Rg4+ 49. Kh3 Rxg5 50. Ra8 f6 51. Rg8+ Kf5 52. Rd8 Rg4 53.
Rd5+ Kg6 54. Rd8 f5 55. Rg8+ Kf6 56. Rc8 Ke5 57. Re8+ Kf4 58. Rh8 h4 59. Rd8
Rg3+ 60. Kh2 Ke3 61. Re8+ Kf3 62. Re1 f4 63. Rf1+ Ke2 64. Rxf4 Bg1+ 65. Kh1 h3
66. Re4+ Kd3 67. Re6 Kc4 68. Re4+ Kxb5 69. Rb4+ Ka6 70. Ra4+ Kb7 71. Ra7+ Kc6
72. Rc7+ Kb5 73. Rc2 Bc5 74. Rb2+ Kc4 75. Rc2+ Kd3 76. Rc3+ Kxc3 77. Kh2 Re3 78.
Kh1 Kd2 79. Kh2 Ke1 80. Kh1 Bd6 81. Kg1 Rg3+ 82. Kh1 Kf2 83. Kh2 Rc3+ 84. Kh1
Rc1# {White checkmated} 0-1

[Event "Team 45 45 League T83"]
[Site "Internet Chess Club"]
[Date "2020.01.30"]
[Round "5"]
[White "jeffk"]
[Black "Toalla"]
[Result "0-1"]
[WhiteElo "1043"]
[BlackElo "1324"]
[Opening "Sicilian defense"]
[ECO "B40"]
[Time "19:04:31"]
[TimeControl "2700+45"]

1. e4 c5 2. Nf3 e6 3. Bb5 a6 4. Be2 Nc6 5. O-O g6 6. d4 cxd4 7. Nxd4 Bg7 8. Nxc6
bxc6 9. c3 Ne7 10. Nd2 O-O 11. Nc4 Qc7 12. Bd2 d5 13. exd5 cxd5 14. Ne3 e5 15.
Rc1 Qd6 16. c4 Be6 17. b3 Rfc8 18. a3 a5 19. b4 axb4 20. Bxb4 Qc7 21. cxd5 Qxc1
22. Qxc1 Rxc1 23. Rxc1 Nxd5 24. Nxd5 Bxd5 25. Bc4 Rc8 {White resigns} 0-1

[Event "Team 45 45 League T83"]
[Site "Internet Chess Club"]
[Date "2020.02.02"]
[Round "5"]
[White "MartyJR"]
[Black "ascoli"]
[Result "0-1"]
[WhiteElo "1417"]
[BlackElo "1579"]
[Opening "Queen's pawn: London system"]
[ECO "A45"]
[Time "13:01:15"]
[TimeControl "2700+45"]

1. d4 Nf6 2. Bf4 g6 3. e3 Bg7 4. Nf3 d6 5. Nbd2 O-O 6. Be2 c5 7. c3 Qb6 8. Nc4
Qc7 9. h3 Be6 10. Ncd2 Qb6 11. Ng5 Bd5 12. O-O Qxb2 13. c4 h6 14. Ngf3 Bc6 15.
dxc5 Nh5 16. Rb1 Qxa2 17. cxd6 Nxf4 18. exf4 exd6 19. Nb3 Ba4 20. Nfd2 Nc6 21.
Bf3 Nd4 22. Ra1 Nxf3+ 23. Nxf3 Bxa1 24. Qxa1 Bxb3 25. Qd4 Bxc4 26. Ra1 Qe2 27.
Qxd6 Rad8 28. Qc5 Rd1+ 29. Rxd1 Qxd1+ 30. Kh2 b5 31. Ne5 a5 32. Qe3 a4 33. f5
Qd6 34. fxg6 f6 35. Qxh6 Qxe5+ 36. g3 Qe7 37. h4 Qg7 38. Qh5 a3 39. Qf5 a2 40.
Qb1 axb1=Q {White resigns} 0-1

[Event "Team 45 45 League T83"]
[Site "Internet Chess Club"]
[Date "2020.02.01"]
[Round "5"]
[White "g8wrb"]
[Black "olivermx"]
[Result "1-0"]
[WhiteElo "1281"]
[BlackElo "1300"]
[Opening "Nimzovich-Larsen attack: modern variation"]
[ECO "A01"]
[Time "10:35:02"]
[TimeControl "2700+45"]

1. b3 e5 2. Bb2 Nc6 3. e3 a6 4. Nf3 d6 5. Bc4 Be7 6. O-O Nf6 7. Nc3 O-O 8. h3 b5
9. Bd5 Nxd5 10. Nxd5 Bb7 11. c4 Na7 12. Qc2 c6 13. Nc3 b4 14. Ne4 c5 15. d3 f5
16. Ned2 Qd7 17. Rad1 Rad8 18. e4 fxe4 19. dxe4 Qe6 20. Rfe1 Nc6 21. Nf1 Nd4 22.
Nxd4 exd4 23. Ng3 Qg6 24. Re2 Bf6 25. Rd3 Be5 26. Bc1 Rf7 27. Qd2 h6 28. Qe1
Rdf8 29. Nh1 Bf4 30. Bxf4 Rxf4 31. Rg3 Qe6 32. e5 dxe5 33. Rxe5 Qc6 34. Re7 R4f7
35. Re6 Qd7 36. Rxh6 Rxf2 37. Nxf2 {Black resigns} 1-0

[Event "Team 45 45 League T83"]
[Site "Internet Chess Club"]
[Date "2020.02.01"]
[Round "5"]
[White "Conjurer"]
[Black "seattleblues"]
[Result "0-1"]
[WhiteElo "1192"]
[BlackElo "1259"]
[Opening "Queen's pawn: London system"]
[ECO "A45"]
[Time "21:01:33"]
[TimeControl "2700+45"]

1. d4 Nf6 2. Bf4 e6 3. e3 c5 4. c3 d5 5. Nf3 Nc6 6. Na3 a6 7. Nc2 Bd7 8. c4 Qa5+
9. Nd2 Be7 10. Bd3 dxc4 11. Bxc4 b5 12. Be2 c4 13. O-O O-O 14. a3 Rac8 15. b4
cxb3 16. Nxb3 Qd8 17. Rc1 Nd5 18. Bg3 Nc3 19. Qd3 Nxe2+ 20. Qxe2 Nb8 21. Nc5
Bxc5 22. dxc5 Rxc5 23. Bd6 Rc8 24. Bxf8 Qxf8 25. Nd4 Rxc1 26. Rxc1 Qxa3 27. Rc7
Qd6 28. Qc2 g6 29. f4 e5 30. Rc8+ Bxc8 31. Qxc8+ Kg7 32. fxe5 Qxe5 33. Nc6 Qxe3+
34. Kf1 Qf4+ 35. Kg1 Qc1+ {White resigns} 0-1

[Event "Team 45 45 League T83"]
[Site "Internet Chess Club"]
[Date "2020.01.30"]
[Round "5"]
[White "SeniorCitizen"]
[Black "oldbookseller"]
[Result "1-0"]
[WhiteElo "1261"]
[BlackElo "1154"]
[Opening "King's pawn game"]
[ECO "C21"]
[Time "13:00:43"]
[TimeControl "2700+45"]

1. e4 e5 2. d4 f6 3. dxe5 d6 4. exf6 Nxf6 5. Nc3 Nc6 6. Nf3 Be6 7. Be2 Be7 8.
O-O O-O 9. Ng5 Bd7 10. Bc4+ d5 11. Bxd5+ Nxd5 12. Qxd5+ Kh8 13. Nf7+ Rxf7 14.
Qxf7 Nd4 15. Rb1 Bh3 16. gxh3 Nf3+ 17. Qxf3 Bh4 18. Be3 Qd6 19. Rbd1 Qg6+ 20.
Qg2 Rf8 21. Qg4 h5 22. Qxg6 Bf6 23. Bd4 Bxd4 24. Rxd4 {Black resigns} 1-0

[Event "Team 45 45 League T83"]
[Site "Internet Chess Club"]
[Date "2020.02.02"]
[Round "5"]
[White "Electryon"]
[Black "dalmata"]
[Result "1-0"]
[WhiteElo "1508"]
[BlackElo "1568"]
[Opening "English opening: Agincourt variation"]
[ECO "A13"]
[Time "13:06:40"]
[TimeControl "2700+45"]

1. Nf3 e6 2. c4 d5 3. b3 Nf6 4. g3 Be7 5. Bg2 O-O 6. O-O dxc4 7. bxc4 Nc6 8. d4
a5 9. Nc3 Bd7 10. Rb1 b6 11. Ne5 Rb8 12. Nxc6 Bxc6 13. Bxc6 Qd6 14. Bg2 Rbd8 15.
e3 e5 16. Nb5 Qd7 17. Ba3 Bxa3 18. Nxa3 exd4 19. Qxd4 Qxd4 20. exd4 Rxd4 21.
Rfd1 Rfd8 22. Rxd4 Rxd4 23. c5 Rb4 24. Rxb4 axb4 25. cxb6 cxb6 26. Nc2 {Black
resigns} 1-0

[Event "Team 45 45 League T83"]
[Site "Internet Chess Club"]
[Date "2020.01.29"]
[Round "5"]
[White "pokerram"]
[Black "tryanything"]
[Result "0-1"]
[WhiteElo "1501"]
[BlackElo "1498"]
[Opening "Ruy Lopez: Schliemann defense, Berger variation"]
[ECO "C63"]
[Time "17:50:16"]
[TimeControl "2700+45"]

1. e4 e5 2. Nf3 Nc6 3. Bb5 f5 4. Nc3 fxe4 5. Nxe4 Nf6 6. Nxf6+ Qxf6 7. d3 h6 8.
O-O d6 9. h3 Bd7 10. Re1 O-O-O 11. c3 g5 12. Qa4 a6 13. Bxa6 bxa6 14. Qxa6+ Kb8
15. Qb5+ Ka8 16. Be3 Na7 17. Qa5 c5 18. b4 Rb8 19. bxc5 Rb5 20. Qa3 dxc5 21.
Rab1 Qb6 22. Qc1 Bd6 23. Rxb5 Qxb5 24. c4 Qb6 25. Nd2 Bf5 26. Ne4 Bxe4 27. dxe4
Nc6 28. Qc2 Nd4 29. Bxd4 cxd4 30. Rb1 Qa7 31. Rb5 Rb8 32. a4 Rxb5 33. axb5 Kb7
34. Qe2 Qa4 35. Qd3 Qb4 36. g3 Qc3 37. Qf1 d3 38. f4 exf4 39. e5 Bxe5 40. Qf3+
Kb6 41. Qc6+ Ka5 42. Qd5 Qd4+ 43. Qxd4 Bxd4+ 44. Kf1 fxg3 {White resigns} 0-1

[Event "Team 45 45 League T83"]
[Site "Internet Chess Club"]
[Date "2020.02.02"]
[Round "5"]
[White "sdcohle"]
[Black "Megasus"]
[Result "0-1"]
[WhiteElo "1350"]
[BlackElo "1551"]
[Opening "Canard opening"]
[ECO "A45"]
[Time "21:01:24"]
[TimeControl "2700+45"]

1. d4 Nf6 2. f4 b6 3. e3 Bb7 4. Nf3 d6 5. Bd3 h6 6. O-O Nbd7 7. Qe2 a6 8. e4 e6
9. c3 c5 10. e5 dxe5 11. fxe5 Nd5 12. a3 b5 13. Be4 Qc7 14. b4 c4 15. a4 N7b6
16. axb5 axb5 17. Rxa8+ Bxa8 18. Na3 Qc6 19. Bb2 Na4 20. Nb1 Be7 21. Qf2 O-O 22.
Qg3 Nxb2 23. Nbd2 Nd3 24. h4 Qe8 25. Nh2 Nxc3 26. Bxd3 cxd3 27. Qxd3 Qc6 28. Qg3
Ne2+ {White resigns} 0-1

[Event "Team 45 45 League T83"]
[Site "Internet Chess Club"]
[Date "2020.01.29"]
[Round "5"]
[White "QuieroAprender"]
[Black "cayo89"]
[Result "0-1"]
[WhiteElo "1664"]
[BlackElo "1603"]
[Opening "Queen's Pawn"]
[ECO "A41"]
[Time "20:01:19"]
[TimeControl "2700+45"]

1. d4 d6 2. Nf3 Nf6 3. Bf4 b6 4. e3 Bb7 5. Nbd2 Nbd7 6. Bd3 g6 7. c3 Bg7 8. Rc1
c5 9. Bb5 O-O 10. h3 Ne4 11. Be2 Ndf6 12. Qc2 Qd7 13. Nxe4 Bxe4 14. Bd3 Qb7 15.
Bxe4 Nxe4 16. O-O Rac8 17. Qe2 Rfe8 18. Rfd1 e5 19. dxe5 dxe5 20. Bh2 Rcd8 21.
Rxd8 Rxd8 22. Rd1 Rxd1+ 23. Qxd1 f6 24. Qb3+ Qf7 25. Qa4 Qd5 26. c4 Qf7 27. Qc2
Qb7 28. Nd2 Nxd2 29. Qxd2 Qe7 30. Qd5+ Qf7 31. Qa8+ Bf8 32. Qd5 Bh6 33. a4 Kg7
34. b3 Qe7 35. Kf1 Bg5 36. f4 exf4 37. exf4 Bh6 38. g4 Qe3 39. Qb7+ Kg8 40. Qa8+
Bf8 41. g5 Qxh3+ 42. Kg1 Qe3+ 43. Kg2 f5 44. Qd5+ Kg7 45. Qe5+ Qxe5 46. fxe5 Kf7
47. Kf3 Ke6 48. Kf4 Bg7 {White resigns} 0-1

[Event "Team 45 45 League T83"]
[Site "Internet Chess Club"]
[Date "2020.01.31"]
[Round "5"]
[White "Portola"]
[Black "julesraider"]
[Result "0-1"]
[WhiteElo "1718"]
[BlackElo "1658"]
[Opening "King's Indian: East Indian defense"]
[ECO "A48"]
[Time "09:00:32"]
[TimeControl "2700+45"]

1. d4 Nf6 2. Nf3 g6 3. c3 Bg7 4. Bg5 O-O 5. Nbd2 d5 6. e3 Nbd7 7. Be2 c5 8. O-O
a6 9. a4 b6 10. Bd3 Re8 11. Re1 Bb7 12. Qe2 e5 13. dxe5 Nxe5 14. Nxe5 Rxe5 15.
Bf4 Re8 16. Qf3 Qd7 17. Qh3 Qxh3 18. gxh3 d4 19. exd4 cxd4 20. cxd4 Nd5 21. Be3
Nb4 22. Bb1 Bxd4 23. Ra3 Rac8 24. Nf1 Nc2 25. Bxc2 Rxc2 26. Rb3 Bc6 27. Rb4 Bc5
28. Rf4 Rxb2 29. Rc1 Bxe3 30. Nxe3 Re6 31. Rfc4 Bf3 32. Rf4 Be2 33. Kg2 Kg7 34.
Nd5 g5 35. Rf5 Kg6 36. Ne3 Rxe3 {White resigns} 0-1

[Event "Team 45 45 League T83"]
[Site "Internet Chess Club"]
[Date "2020.02.02"]
[Round "5"]
[White "olivermx"]
[Black "nosir"]
[Result "1-0"]
[WhiteElo "1322"]
[BlackElo "1410"]
[Opening "Robatsch (modern) defense"]
[ECO "B06"]
[Time "08:30:44"]
[TimeControl "2700+45"]

1. e4 g6 2. d4 Bg7 3. Nc3 d6 4. Be3 a6 5. Bd3 b5 6. Qd2 Nd7 7. f3 e6 8. h4 h6 9.
h5 g5 10. g4 Ne7 11. O-O-O Bb7 12. Kb1 c5 13. dxc5 dxc5 14. Bf1 Qc7 15. Qf2
O-O-O 16. Bg2 f5 17. exf5 exf5 18. Nh3 f4 19. Bd2 Rhe8 20. Rhe1 Nb6 21. Qf1 Nc4
22. Bc1 Nc6 23. Ne4 Rxd1 24. Rxd1 Qe5 25. c3 N6a5 26. Qf2 Bf8 27. Qc2 Nd6 28.
Nxd6+ Bxd6 29. Qf5+ Qxf5+ 30. gxf5 Kc7 31. Nf2 Rf8 32. Ne4 Be7 33. Bd2 Nc4 34.
b3 Nxd2+ 35. Rxd2 Rxf5 36. Bf1 Rd5 37. Rxd5 Bxd5 38. c4 Bxe4+ 39. fxe4 f3 40.
cxb5 axb5 41. Kc2 b4 42. Kd2 Kd6 43. Ke3 g4 44. Kf4 Bg5+ 45. Kxg4 Ke5 46. Kxf3
Kd4 47. Bc4 Kc3 48. e5 Kb2 49. Ke4 Kxa2 50. e6 Be7 51. Kf5 Kb2 52. Kg6 Bg5 53.
Kf7 Kc3 54. e7 Bxe7 55. Kxe7 Kd4 56. Kf6 Ke4 57. Kg6 Ke5 58. Kxh6 Kf6 59. Kh7
Ke7 60. Kg7 {Black resigns} 1-0

[Event "Team 45 45 League T83"]
[Site "Internet Chess Club"]
[Date "2020.02.02"]
[Round "5"]
[White "g8wrb"]
[Black "Toalla"]
[Result "1-0"]
[WhiteElo "1299"]
[BlackElo "1302"]
[Opening "Nimzovich-Larsen attack: classical variation"]
[ECO "A01"]
[Time "10:01:04"]
[TimeControl "2700+45"]

1. b3 d5 2. Bb2 c5 3. e3 Nc6 4. Bb5 e6 5. Nf3 Nf6 6. O-O Be7 7. Ne5 Bd7 8. Bxc6
Bxc6 9. Qf3 O-O 10. c4 dxc4 11. Nxc6 bxc6 12. bxc4 Rb8 13. Bc3 Qc7 14. Na3 Rfd8
15. Rab1 a6 16. h3 g6 17. Bxf6 {Black resigns} 1-0

[Event "Team 45 45 League T83"]
[Site "Internet Chess Club"]
[Date "2020.01.29"]
[Round "5"]
[White "mongmong"]
[Black "Kingofknights"]
[Result "0-1"]
[WhiteElo "1454"]
[BlackElo "1622"]
[Opening "Queen's pawn game"]
[ECO "D04"]
[Time "19:01:57"]
[TimeControl "2700+45"]

1. d4 d5 2. Nf3 Nf6 3. e3 c5 4. c3 cxd4 5. exd4 Nc6 6. Ne5 e6 7. Bd3 Qc7 8. Qe2
Nxd4 9. cxd4 Qxc1+ 10. Qd1 Qxd1+ 11. Kxd1 a6 12. Nd2 Bd6 13. Ndf3 O-O 14. Ke2
Bd7 15. Rhc1 Rac8 16. Nxd7 Nxd7 17. a3 Nb6 18. Nd2 Bf4 19. g3 Rxc1 20. Rxc1 Bxd2
21. Kxd2 Rc8 22. Rxc8+ Nxc8 23. h4 b5 24. a4 Nd6 25. axb5 axb5 26. Kc3 h6 27.
Kb4 Nc4 28. b3 Nd2 29. Kc3 Ne4+ 30. Bxe4 dxe4 31. Kb4 Kf8 32. Kxb5 Ke7 33. Kc5
Kd7 34. b4 f5 35. b5 g5 36. b6 f4 37. hxg5 hxg5 38. gxf4 gxf4 39. b7 Kc7 40.
b8=Q+ Kxb8 41. Kd6 e3 42. fxe3 fxe3 43. Kxe6 e2 44. d5 e1=Q+ 45. Kd7 Qe5 46. d6
Kb7 47. Kd8 Qxd6+ {White resigns} 0-1

[Event "Team 45 45 League T83"]
[Site "Internet Chess Club"]
[Date "2020.02.02"]
[Round "5"]
[White "rkjulianjr"]
[Black "dabodhi"]
[Result "0-1"]
[WhiteElo "1308"]
[BlackElo "1344"]
[Opening "QGD: exchange, positional line, 6.Qc2"]
[ECO "D36"]
[Time "20:03:45"]
[TimeControl "2700+45"]

1. d4 d5 2. c4 e6 3. Nc3 Nf6 4. cxd5 exd5 5. Bg5 c6 6. Qc2 Be7 7. e3 Nbd7 8. Bd3
h6 9. Bh4 Nh5 10. Bxe7 Qxe7 11. Nf3 Nf4 12. O-O Nxd3 13. Qxd3 O-O 14. Rab1 Nf6
15. h3 Ne4 16. Qe2 Bf5 17. Rbc1 Nf6 18. a3 g5 19. g4 Bg6 20. Ne5 Bh7 21. f4 Ne4
22. Nxe4 Bxe4 23. f5 Qd6 24. Qf2 Rfe8 25. Rce1 Rxe5 26. dxe5 Qxe5 27. Qh2 Qe7
28. Rf2 f6 29. h4 Kg7 30. hxg5 hxg5 31. Qh5 Qf7 32. Qxf7+ Kxf7 33. Rh2 Kg7 34.
Ree2 Bf3 35. Ref2 Bxg4 36. Rhg2 Bd1 37. Rg3 Rh8 38. Kg2 g4 39. Rf4 Rh4 40. Rf1
Be2 41. Rf2 Bd1 42. Rf4 Kh6 43. Rb4 Bf3+ 44. Rxf3 gxf3+ 45. Kxf3 Rxb4 46. axb4
Kg5 47. e4 b6 48. Ke3 a5 49. bxa5 bxa5 50. Kd4 Kf4 51. exd5 cxd5 52. b3 Kxf5 53.
Kxd5 Kf4 54. Kd4 f5 55. Kd3 Kf3 56. Kd2 Kf2 57. Kd1 f4 58. Kd2 f3 {White
resigns} 0-1